 Dungeon Crawl Stone Soup version 0.18.1-48-g4cf74bf (webtiles) character file.

4176 Joat the Quickloader (level 9, -1/62 HPs)
             Began as a Demigod Wanderer on Aug 5, 2016.
             Slain by a killer bee (6 damage)
             ... on level 9 of the Dungeon on Aug 6, 2016.
             The game lasted 01:16:08 (9467 turns).

Joat the Quickloader (Demigod Wanderer)             Turns: 9467, Time: 01:16:08

Health: -1/62      AC: 20    Str: 15    XL:     9   Next: 81%
Magic:  11/11      EV:  4    Int: 16    God:
Gold:   123        SH:  0    Dex: 21    Spells: 0 memorised, 8 levels left

rFire  . . .     SeeInvis +     b - +0 hand crossbow
rCold  . . .     Gourm    .     L - +1 plate armour (curse)
rNeg   . . .     Faith    .     (no shield)
rPois  +         Spirit   .     U - +2 helmet {SInv}
rElec  .         Dismiss  .     X - +0 cloak {+Inv}
rCorr  +         Reflect  .     W - +2 pair of gloves
SustAt +         Harm     .     (no boots)
MR     .....                    (no amulet)
Stlth  ..........               R - ring of resist corrosion
                                i - ring of poison resistance

@: not resistant to hostile enchantments, extremely unstealthy
A: high mp 1, sustain attributes
a: Evoke Invisibility


You were on level 9 of the Dungeon.
You were very hungry.

You visited 1 branch of the dungeon, and saw 9 of its levels.

You collected 468 gold pieces.
You spent 345 gold pieces at shops.

Inventory:

Hand Weapons
 a - a +2 hand axe of electrocution
 b - a +0 hand crossbow (weapon)
 H - a +4 blowgun
Missiles
 d - a bolt (quivered)
 l - 126 arrows
 x - 18 tomahawks
 A - 8 steel javelins
 G - 15 poisoned needles
Armour
 k - a +0 ring mail
 s - a +2 scale mail
 t - a steam dragon hide
 L - a cursed +1 plate armour (worn)
 U - a +2 helmet of see invisible (worn)
 W - a +2 pair of gloves (worn)
 X - a +0 cloak of invisibility (worn)
Magical Staves
 J - an uncursed staff of air
Jewellery
 i - a ring of poison resistance (left hand)
 q - an uncursed ring of flight
 R - a ring of resist corrosion (right hand)
Scrolls
 c - 2 scrolls of teleportation
 g - 9 scrolls of remove curse
 m - 3 scrolls of enchant armour
 p - 6 scrolls of identify {unknown}
 r - 3 scrolls of blinking {unknown}
 w - 2 scrolls of vulnerability {unknown}
 y - 2 scrolls of immolation {unknown}
 C - 6 scrolls of enchant weapon {unknown}
 E - 2 scrolls of magic mapping {unknown}
 I - 4 scrolls of fear {unknown}
 K - a scroll of random uselessness {unknown}
 O - 2 scrolls of fog {unknown}
 P - 2 scrolls of amnesia {unknown}
 S - 2 scrolls of summoning {unknown}
 T - 3 scrolls of recharging {unknown}
 Z - a scroll of noise {unknown}
Potions
 e - 3 potions of curing
 h - 3 potions of cancellation
 n - a potion of magic {unknown}
 u - 3 potions of invisibility {unknown}
 z - a potion of ambrosia {unknown}
 B - 2 potions of degeneration
 F - 2 potions of mutation {unknown}
 M - a potion of resistance
 N - 3 potions of haste {unknown}
 V - a potion of might {unknown}
 Y - a potion of beneficial mutation {unknown}
Comestibles
 f - 11 bread rations
 j - 3 meat rations
 o - 3 fruits
 D - a slice of pizza


   Skills:
   Level 2.5 Short Blades
 + Level 8.9 Axes
 - Level 10.0 Crossbows
 - Level 1.7 Throwing
 - Level 4.5 Armour


You had 8 spell levels left.
You didn't know any spells.

Dungeon Overview and Level Annotations

Branches:
Dungeon (9/15)             Temple (0/1) D:7
   Lair: D:8-11         Orc: D:9-12

Shops:
D:7 =*[?(   D:9 (

Annotations:
D:6 1 exclusion


Innate Abilities, Weirdness & Mutations

You have an increased reservoir of magic (+10% MP).
Your attributes are resistant to harm.


Message History

The killer bee barely misses you.
The killer bee stings you but does no damage.
Found a chain mail.
There is a stone staircase leading down here.
The killer bee stings you but does no damage.
The howler monkey hoots and howls with incredible vigour!
The killer bee stings you but does no damage. x2
The killer bee stings you but does no damage.
The howler monkey hoots and howls with incredible vigour!
The killer bee stings you but does no damage.
A howler monkey comes into view.
The howler monkey howls!
You hear a howl!
You hear a screech!
There is an open door here.
Drink which item? (? for menu, Esc to quit)
You feel better.
The killer bee stings you but does no damage.
The orc warrior hits you from afar with a glaive!
* * * LOW HITPOINT WARNING * * *
The killer bee stings you.
You die...

.............#.....#
.............#.....#
h............'....(#
.............#.....#### #######
...h...>F....#.....(... ......#
......ohY....#......##'
......###########y######......#..
................y.............#..
................@y............#..
..............................###
......#########..######........
....### #..# #......... ....#
#..# ###.# #..# # ### #..# # #...
# ####


You could see a yak, a giant frog, a howler monkey and 3 killer bees.

Vanquished Creatures
  The ghost of Heedrag the Covert, a novice KoAs of Nemelex Xobeh (D:5)
  A spriggan (D:7)
  4 yaks (D:9)
  2 humans (D:8)
  A hungry ghost (D:7)
  A steam dragon (D:8)
  Edmund (D:4)
  4 ogres
  A phantom (D:9)
  An orc warrior (D:7)
  2 sky beasts (D:8)
  An ice beast (D:9)
  A centaur (D:5)
  A crocodile (D:7)
  2 big kobolds
  A giant frog (D:6)
  A wyvern skeleton (D:8)
  A scorpion (D:7)
  5 killer bees
  An electric eel (D:6)
  3 crimson imps
  2 giant frog zombies
  A centaur zombie (D:5)
  A quasit (D:5)
  5 hounds
  4 orc priests
  2 iguanas (D:5)
  3 orc wizards
  2 worker ants
  2 hound zombies (D:6)
  A hound skeleton (D:4)
  An adder (D:2)
  4 gnolls
  3 shadow imps (D:7)
  2 adder skeletons
  A worm (D:3)
  4 dart slugs
  5 giant geckos
  27 orcs
  4 giant cockroaches
  7 hobgoblins
  7 jackals
  4 quokkas
  3 ball pythons
  A ball python skeleton (D:4)
  6 bats
  A giant gecko zombie (D:5)
  6 giant newts
  6 goblins
  12 kobolds
  A quokka skeleton (D:4)
  8 rats
  A spectral orc (D:7)
173 creatures vanquished.

Notes
Turn   | Place    | Note
--------------------------------------------------------------
     0 | D:1      | Joat the Demigod Wanderer began the quest for the Orb.
     0 | D:1      | Joat set off with: a +2 scale mail, a scroll of teleportation, a +0 hand crossbow, 29 bolts, a bread ration
     0 | D:1      | Reached XP level 1. HP: 14/14 MP: 3/3
    35 | D:1      | Reached skill level 3 in Crossbows
   138 | D:1      | Reached XP level 2. HP: 19/20 MP: 4/4
   482 | D:1      | Reached XP level 3. HP: 12/26 MP: 5/5
   858 | D:2      | Reached skill level 1 in Short Blades
  1219 | D:3      | Reached XP level 4. HP: 32/33 MP: 6/6
  1230 | D:3      | Found a faded altar to an unknown god.
  1266 | D:3      | Found a sacrificial altar of Ru.
  1362 | D:3      | Reached skill level 1 in Axes
  1817 | D:3      | Found an oddly glowing altar of Pakellas.
  1992 | D:4      | Reached XP level 5. HP: 36/38 MP: 7/7
  2366 | D:4      | Noticed Edmund
  2386 | D:4      | Killed Edmund
  2386 | D:4      | Reached XP level 6. HP: 12/45 MP: 8/8
  2500 | D:4      | Reached skill level 4 in Crossbows
  2610 | D:4      | Found a snail-covered altar of Cheibriados.
  2872 | D:5      | Entered Level 5 of the Dungeon
  2979 | D:5      | Noticed Heedrag's ghost (novice KoAs)
  2994 | D:5      | Killed Heedrag's ghost
  2994 | D:5      | Reached skill level 5 in Axes
  2994 | D:5      | Reached skill level 5 in Crossbows
  2994 | D:5      | Reached XP level 7. HP: 37/50 MP: 9/9
  3905 | D:5      | Found a shimmering altar of Xom.
  4043 | D:5      | Reached skill level 6 in Crossbows
  4252 | D:6      | Reached XP level 8. HP: 57/57 MP: 10/10
  4601 | D:6      | Found a glowing golden altar of the Shining One.
  6012 | D:7      | Found a staircase to the Ecumenical Temple.
  6066 | D:7      | Reached skill level 7 in Crossbows
  6149 | D:7      | Found Qoid's Assorted Antiques.
  6157 | D:7      | Bought a shiny helmet for 121 gold pieces
  6480 | D:7      | Reached skill level 8 in Crossbows
  6517 | D:7      | Found Nizer's Magic Scroll Emporium.
  6857 | D:7      | Found Ugalat's Antique Weapon Boutique.
  6985 | D:7      | Found Himufrasm's Antique Armour Shoppe.
  7001 | D:7      | Bought a pair of glowing gloves for 112 gold pieces
  7001 | D:7      | Bought an embroidered cloak for 112 gold pieces
  7094 | D:7      | Found a basalt altar of Yredelemnul.
  7276 | D:7      | Found Kusmenipt's Jewellery Shop.
  7401 | D:8      | Reached skill level 9 in Crossbows
  7697 | D:8      | Reached XP level 9. HP: 60/62 MP: 11/11
  7786 | D:8      | Found an iron altar of Okawaru.
  7893 | D:8      | Reached skill level 10 in Crossbows
  8986 | D:9      | Found Inuenlie's Antique Weapon Emporium.
  9037 | D:9      | Found a sparkling altar of Nemelex Xobeh.
  9467 | D:9      | Slain by a killer bee

Skill      XL: |  1  2  3  4  5  6  7  8  9 |
---------------+----------------------------+-----
Crossbows      | 3 5 6 9 10 | 10.0
Short Blades   | 2 |  2.5
Axes           | 2 4 5 6 8 |  8.9
Throwing       | |  1.7
Armour         | |  4.5

Action                   |  1- 3 |  4- 6 |  7- 9 || total
-------------------------+-------+-------+-------++-------
Melee: Short sword       |    44 |    20 |       ||    64
       Hand axe          |       |    80 |    76 ||   156
 Fire: Hand crossbow     |    62 |    24 |   510 ||   596
Throw: Javelin           |       |     2 |       ||     2
 Abil: Evoke Flight      |       |     1 |       ||     1
  Use: Scroll            |     1 |       |     3 ||     4
       Potion            |       |       |     9 ||     9
  Eat: Chunk             |     1 |     5 |     8 ||    14
       Fruit             |       |       |     5 ||     5
       Beef jerky        |       |       |     2 ||     2
       Pizza             |       |       |     2 ||     2
       Meat ration       |       |       |     1 ||     1
Armor: Scale mail        |    10 |       |       ||    10
       Ring mail         |    20 |    23 |       ||    43
       Plate armour      |       |    23 |   314 ||   337
Dodge: Dodged            |    35 |    39 |    87 ||   161
